 Dungeon Crawl Stone Soup version 0.21-a0 (webtiles) character file.

6428 Manul the Grappler (level 10, -5/142 (144) HPs)
             Began as a Troll Monk on May 20, 2017.
             Slain by a spiny frog (22 damage)
             ... on level 1 of the Lair of Beasts.
             The game lasted 00:09:36 (8412 turns).

Manul the Grappler (Troll Monk)                     Turns: 8412, Time: 00:09:37

HP:   -5/142 (144)  AC:  5    Str: 29    XL:     10   Next: 67%
MP:   8/8           EV: 13    Int:  6    God:
Gold: 327           SH:  0    Dex: 13    Spells: 9/9 levels left

rFire    . . .     SeeInvis .     - Unarmed
rCold    . . .     Gourm    +   (no shield)
rNeg     . . .     Faith    .   m - +1 robe of Laixew {MR+ Dex+3 Stlth+}
rPois    .         Spirit   .   (helmet restricted)
rElec    .         Reflect  .   (no cloak)
rCorr    .         Harm     .   (gloves unavailable)
MR       +....     Rnd*Tele +   (boots unavailable)
Stlth    ..........             (no amulet)
Regen    0.8/turn               (no ring)
MPRegen  0.2/turn               (no ring)

@: berserking, lethally poisoned (-5 -> -16), very quick
A: unfitting armour, claws 3, horns 1, clumsy 1, deformed body, fast metabolism
3, gourmand, low mp 1, regeneration 1, shaggy fur 1, teleportitis 1, tough skin
2
a: no special abilities


You were on level 1 of the Lair of Beasts.
You were completely stuffed.

You visited 3 branches of the dungeon, and saw 11 of its levels.

You collected 327 gold pieces.

Inventory:

Missiles
 e - 9 steel tomahawks (quivered)
Armour
 a - a +0 robe
 m - the +1 robe of Laixew (worn) {MR+ Dex+3 Stlth+}
   (You found it on level 8 of the Dungeon)

   It affects your dexterity (+3).
   It affects your resistance to hostile enchantments.
   It makes you more stealthy.
 t - a +0 robe of fire resistance
Wands
 j - a wand of digging (12/24)
 p - a wand of paralysis (18/24)
 y - a wand of polymorph (13/24)
 C - a wand of digging (8/24)
 F - a wand of random effects (11/48)
Scrolls
 c - 5 scrolls of remove curse
 l - 4 scrolls of teleportation {unknown}
 r - a scroll of recharging
 u - 2 scrolls of magic mapping {unknown}
 v - a scroll of enchant armour
 z - a scroll of silence {unknown}
 A - 3 scrolls of identify
 D - 4 scrolls of enchant weapon {unknown}
Potions
 g - 3 potions of flight {unknown}
 h - a potion of heal wounds
 i - a potion of mutation {unknown}
 o - a potion of brilliance
 w - a potion of cancellation
 x - 3 potions of curing
 B - a potion of haste
 E - 2 potions of degeneration {unknown}
Books
 f - a book of Necromancy

   Spells                             Type                      Level
   a - Pain                           Necromancy                   1
   b - Animate Skeleton               Necromancy                   1
   c - Vampiric Draining              Necromancy                   3
   d - Regeneration                   Charms/Necromancy            3
   e - Animate Dead                   Necromancy                   4
   f - Control Undead                 Necromancy                   4
Comestibles
 b - 6 bread rations
 d - 8 fruits
 k - 2 royal jellies
 n - 10 chunks of flesh
 s - 2 meat rations


   Skills:
 + Level 5.0 Fighting
 - Level 5.1 Throwing
 + Level 6.3 Dodging
 - Level 1.2 Stealth
 + Level 12.4 Unarmed Combat
 + Level 0.4 Evocations


You had 9 spell levels left.
You didn't know any spells.

Dungeon Overview and Level Annotations

Branches:
Dungeon (9/15)             Temple (1/1) D:6            Lair (1/6) D:8
    Orc (0/2) D:9

Altars:
Ashenzari
Cheibriados
Dithmenos
Fedhas
Gozag
Hepliaklqana
Okawaru
Ru
Uskayaw
Vehumet
Xom
Yredelemnul
Zin
The Shining One

Annotations:
D:4 1 runed door


Innate Abilities, Weirdness & Mutations

You are too large for most types of armour.
You have claws for hands.
Your metabolism is lightning-fast.
You like to eat raw meat.
Your natural rate of healing is unusually fast.
You are covered in fur. (AC +1)
You have very tough skin. (AC +2)
You have a pair of small horns on your head.
You are clumsy. (Dex -2)
Armour fits poorly on your strangely shaped body.
Your magical capacity is low. (-10% MP)
You are occasionally teleported next to monsters.


Message History

You are too injured to fight recklessly!
You are too injured to fight recklessly!
You claw the spiny frog!
The spiny frog is heavily wounded.
You feel sick. The spiny frog stings you!!
* * * LOW HITPOINT WARNING * * *
You closely miss the spiny frog. Your headbutt misses the spiny frog.
The spiny frog is heavily wounded.
The spiny frog barely misses you.
You completely miss the spiny frog.
You headbutt the spiny frog, but do no damage.
The spiny frog is heavily wounded.
You feel sick. The spiny frog stings you!
* * * LOW HITPOINT WARNING * * *
You are lethally poisoned!
The spiny frog poisons you!
A red film seems to cover your vision as you go berserk!
You feel yourself moving faster!
You feel mighty!
You feel sick. The spiny frog stings you!!
You die...

........# #.#
........## #.# ##
........P# #.####P##
###.#...## #........
###...########........
#....[............!.
#..#.#######..#P..P#
##..### #......#
#....# #@.....# ##..##
#F....P.# # #..#
#....%..# #####..#
#........ .......#
#........ ###.####
..?...... ###
#........ .........


You could see a spiny frog.

Vanquished Creatures
  A two-headed ogre (D:8)
  An elephant (D:8)
  A spiny frog (D:7)
  Prince Ribbit (D:8)
  Grinder (D:3)
  2 hippogriffs (D:8)
  Sigmund (D:3)
  Grum (D:8)
  5 yaks
  A basilisk (D:8)
  A porcupine (Lair:1)
  3 orc warriors
  2 sky beasts
  2 ice beasts
  3 necrophages
  2 phantoms (D:6)
  2 ogres
  4 wolves
  A crocodile (D:8)
  5 bullfrogs
  2 howler monkeys
  A centaur zombie (D:8)
  4 orc priests
  2 hounds (D:4)
  A jelly (D:5)
  2 centaur skeletons (D:4)
  9 orc wizards
  3 bullfrog skeletons
  Jessica (D:3)
  6 worker ants
  An iguana (D:5)
  2 hound zombies
  A hound skeleton (D:4)
  8 gnolls
  6 adders
  2 shadow imps (D:7)
  2 adder skeletons
  2 worms (D:2)
  4 dart slugs
  3 leopard geckos
  35 orcs
  5 bats
  7 giant cockroaches
  4 goblins
  4 hobgoblins
  16 jackals
  6 quokkas
  A ball python (D:6)
  5 frilled lizards
  2 jackal skeletons (D:4)
  4 kobolds
  A quokka skeleton (D:8)
  10 rats
202 creatures vanquished.

Notes
Turn   | Place    | Note
-------+----------+-------------------------------------------
     0 | D:1      | Manul the Troll Monk began the quest for the Orb.
     0 | D:1      | Reached XP level 1. HP: 22/22 MP: 0/0
   138 | D:1      | Reached XP level 2. HP: 28/29 MP: 1/1
   733 | D:2      | Reached XP level 3. HP: 30/36 MP: 2/2
  1342 | D:3      | Noticed Grinder
  1346 | D:3      | Paralysed by Grinder for 7 turns
  1354 | D:3      | Paralysed by Grinder for 3 turns
  1383 | D:3      | Killed Grinder
  1383 | D:3      | Reached skill level 1 in Throwing
  1383 | D:3      | Reached skill level 5 in Unarmed Combat
  1383 | D:3      | Reached XP level 4. HP: 23/44 MP: 3/3
  1383 | D:3      | Reached XP level 5. HP: 28/52 MP: 4/4
  1484 | D:3      | Reached XP level 6. HP: 47/59 MP: 5/5
  1617 | D:3      | Noticed Sigmund
  1622 | D:3      | Killed Sigmund
  1697 | D:3      | Reached skill level 6 in Unarmed Combat
  1697 | D:3      | Reached XP level 7. HP: 67/67 MP: 6/6
  1704 | D:3      | Noticed Jessica
  2069 | D:3      | Killed Jessica
  2362 | D:3      | Found a basalt altar of Yredelemnul.
  2367 | D:3      | Found a hazy altar of Hepliaklqana.
  2521 | D:4      | Found a blossoming altar of Fedhas.
  2700 | D:4      | Found a runed door.
  2700 | D:4      | Noticed a human
  2704 | D:4      | Found a basalt altar of Yredelemnul.
  3082 | D:5      | Entered Level 5 of the Dungeon
  3173 | D:5      | Reached skill level 7 in Unarmed Combat
  3716 | D:5      | Reached XP level 8. HP: 64/75 MP: 7/7
  4266 | D:6      | Reached skill level 8 in Unarmed Combat
  4337 | D:6      | Found a staircase to the Ecumenical Temple.
  4396 | D:6      | Gained mutation: You are clumsy. (Dex -2) [mutagenic meat]
  4397 | D:6      | Gained mutation: You have a pair of small horns on your head. [mutagenic meat]
  4398 | D:6      | Gained mutation: Your magical capacity is low. (-10% MP) [mutagenic meat]
  4399 | D:6      | Gained mutation: You are occasionally teleported next to monsters. [mutagenic meat]
  4400 | D:6      | Gained mutation: Armour fits poorly on your strangely shaped body. [mutagenic meat]
  4468 | Temple   | Entered the Ecumenical Temple
  4759 | D:6      | Reached skill level 9 in Unarmed Combat
  4865 | D:6      | Found a hide-covered altar of Uskayaw.
  5031 | D:7      | Reached XP level 9. HP: 81/83 MP: 7/7
  5627 | D:7      | Found a snail-covered altar of Cheibriados.
  5627 | D:7      | Found an iron altar of Okawaru.
  5627 | D:7      | Found a sacrificial altar of Ru.
  5843 | D:8      | Noticed a two-headed ogre
  5849 | D:8      | Killed a two-headed ogre
  5849 | D:8      | Reached skill level 5 in Throwing
  5849 | D:8      | Reached skill level 5 in Dodging
  5925 | D:8      | Reached skill level 10 in Unarmed Combat
  5930 | D:8      | Noticed an elephant
  5930 | D:8      | Found a staircase to the Lair.
  6307 | D:8      | Killed an elephant
  6391 | D:8      | Got a faintly glowing robe
  6402 | D:8      | Identified the cursed +1 robe of Laixew {MR+ Dex+3 Stlth+} (You found it on level 8 of the Dungeon)
  6512 | D:8      | Noticed Grum
  6522 | D:7      | Reached skill level 11 in Unarmed Combat
  6527 | D:7      | Reached XP level 10. HP: 49/94 MP: 8/8
  6846 | D:8      | Killed Grum
  7023 | D:8      | Noticed Prince Ribbit
  7030 | D:8      | Killed Prince Ribbit
  7560 | D:9      | Found a staircase to the Orcish Mines.
  7925 | Lair:1   | Entered Level 1 of the Lair of Beasts
  7925 | Lair:1   | Noticed a spiny frog
  7954 | D:7      | Killed a spiny frog
  8232 | D:8      | Reached skill level 12 in Unarmed Combat
  8291 | Lair:1   | Reached skill level 5 in Fighting
  8403 | Lair:1   | Noticed a spiny frog
  8412 | Lair:1   | Slain by a spiny frog

Vault maps used:
D:1:      eino_arrival_water_star
D:2:      first_bread
D:3:      amethyst_overflow_temple_binary, chequers_ecumenical_altar_grove,
          uniq_jessica, uniq_sigmund, uniq_grinder
D:4:      marbit_many_paths, dk_yredelemnul_ordeal
D:5:      minmay_misc_feat_diagonals
D:6:      lemuel_coloured_pillars_altar, minmay_temple_entry_fiery
D:7:      gammafunk_temple_overflow_forgotten
D:8:      david_lair_generic, uniq_prince_ribbit1, uniq_grum
D:9:      nemelex_xobeh_ov_fountains_minmay, old_standard_altar, erik_orc_3
Temple:   dshaligram_water_room_temple
Lair:1:   lemuel_fruit_fields

Skill      XL: |  1  2  3  4  5  6  7  8  9 10 |
---------------+-------------------------------+-----
Dodging        | 3 4 5 6 |  6.3
Throwing       | 1 2 3 4 5 |  5.1
Unarmed Combat | 5 6 7 9 11 12 | 12.4
Fighting       | 3 4 5 |  5.0
Stealth        | |  1.2
Evocations     | |  0.4

Action                   |  1- 3 |  4- 6 |  7- 9 | 10-12 || total
-------------------------+-------+-------+-------+-------++-------
Melee: Unarmed           |   101 |    42 |   321 |   115 ||   579
       Punch             |     1 |     1 |    14 |     9 ||    25
       Headbutt          |       |       |    20 |    23 ||    43
Evoke: Wand              |       |       |     3 |       ||     3
  Use: Potion            |     5 |       |     2 |     2 ||     9
       Scroll            |       |       |    13 |     2 ||    15
 Stab: Sleeping          |     5 |     1 |     1 |     1 ||     8
       Paralysed         |       |       |     8 |       ||     8
  Eat: Chunk             |    17 |     4 |    44 |    22 ||    87
Armor: Robe              |    43 |    12 |    74 |    13 ||   142
Dodge: Dodged            |    56 |    30 |   167 |    68 ||   321
